 Dungeon Crawl Stone Soup version 0.27-a0-830-ga1c911b16d (webtiles) character file.

Game seed: 8246719184600218610

368 McIrco the Skirmisher (level 6, -8/49 HPs)
             Began as a Djinni Fire Elementalist on Mar 31, 2021.
             Mangled by an ogre
             ... wielding a +0 giant club
              (26 damage)
             ... on level 4 of the Dungeon.
             The game lasted 00:19:06 (6107 turns).

McIrco the Skirmisher (Djinni Fire Elementalist)    Turns: 6107, Time: 00:19:07

Health: -8/49      AC:  2    Str: 13    XL:     6   Next: 69%
Gold:   142        EV: 12    Int: 17    God:
                   SH:  0    Dex: 15

rFire    + + +     SeeInvis .   a - +2 dagger (holy)
rCold    x . .     Faith    .   (no shield)
rNeg     . . .     Spirit   .   o - +0 robe
rPois    ∞         Reflect  .   (no helmet)
rElec    .         Harm     .   (no cloak)
rCorr    .         Rampage  .   (no gloves)
Will     .....                  (boots unavailable)
Stlth    ++........             (no amulet)
HPRegen  0.16/turn              c - ring of protection from fire
MPRegen  0.00/turn              h - +6 ring of strength

@: flying
A: fire resistance 2, cold vulnerability 1, float, innate caster, hp casting,
extra vitality 1
a: no special abilities


You were on level 4 of the Dungeon.
You visited 1 branch of the dungeon, and saw 4 of its levels.

You collected 142 gold pieces.

Inventory:

Hand Weapons
 a - a +2 dagger of holy wrath (weapon)
Missiles
 n - 18 stones
Armour
 k - a +1 leather armour of willpower
 o - a +0 robe (worn)
Jewellery
 c - a ring of protection from fire (left hand)
 h - a +6 ring of strength (right hand)
Wands
 p - a wand of random effects (17)
Scrolls
 d - a scroll of amnesia
 e - 5 scrolls of identify {unknown}
 g - a scroll of brand weapon {unknown}
 i - a scroll of immolation {unknown}
 j - a scroll of fog {unknown}
Potions
 b - a potion of heal wounds {unknown}
 f - a potion of berserk rage {unknown}
 l - a potion of degeneration {unknown}
 m - a potion of curing {unknown}


   Skills:
 - Level 5.0 Fighting
 - Level 2.1 Dodging
 - Level 1.5 Stealth
 + Level 4.3 Spellcasting


You couldn't memorise any spells.
You knew the following spells:

 Your Spells              Type           Power      Damage    Failure   Level
a - Foxfire               Conj/Fire      72%        2x1d7     2%          1
b - Conjure Flame         Conj/Fire      18%        6-21      8%          3
c - Inner Flame           Hex/Fire       18%        N/A       8%          3
d - Sticky Flame          Conj/Fire      18%        2d4       26%         4
e - Fireball              Conj/Fire      9%         3d6       56%         5
f - Sandblast             Erth           36%        2d10      2%          1
g - Blink                 Tloc           N/A        N/A       3%          2
Your spell library was empty.

Dungeon Overview and Level Annotations

Branches:
Dungeon (4/15)
 Temple: D:4-7

Altars:
Cheibriados

Shops:
D:4 *

Annotations:
D:3 Phong's ghost, amateur OpTm


Innate Abilities, Weirdness & Mutations

You are immune to poison.
Your flesh is very heat resistant. (rF++)
You are vulnerable to cold. (rC-)
You float through the air rather than walking.
You learn spells naturally, not from books.
Your magical power is your life essence.
You have superior vitality. (+4 HP)


Message History

p - a wand of random effects (17)
Things that are here:
a +0 mace; a +0 animal skin; a +0 helmet You see here a +0 dagger.
An adder comes into view.
The adder moves out of view.
Found a stone staircase leading up.
There is an entrance to Kerorona's General Store here.
You can access your shopping list by pressing '$'.
Unknown command.
An ogre is nearby!
Casting: Foxfire (safe; 2% risk of failure)
Confirm with . or Enter, or press ? or * to list all spells.
You conjure some foxfire!
The ogre shouts!
The foxfire hits the ogre.
The ogre is lightly wounded.
The foxfire hits the ogre.
The ogre is lightly wounded.
Casting: Foxfire (safe; 2% risk of failure)
Confirm with . or Enter, or press ? or * to list all spells.
You conjure some foxfire!
The foxfire hits the ogre.
The ogre is lightly wounded.
The foxfire hits the ogre.
The ogre is moderately wounded.
Casting: Foxfire (safe; 2% risk of failure)
Confirm with . or Enter, or press ? or * to list all spells.
You conjure some foxfire!
The ogre hits you with a +0 giant club!
The foxfire hits the ogre but does no damage.
The ogre is moderately wounded.
The foxfire hits the ogre.
The ogre is moderately wounded.
The ogre hits you with a +0 giant club!
You hear a shout!
A goblin comes into view. It is wielding a +0 dagger.
The goblin shouts!
The ogre hits you with a +0 giant club!!
Ouch! That really hurt!
You die...

#.# #.....# #.##.##.......# #O#
##.....# #.##.##.#####.### #.#
#....### #.##.##.###.....# ..#
#....# #.......##..###..# ###
#.<.##### ## #.#####.##5##.#
#####.......# #.# #.#.55#.#
....#..####.# ####.#####.#$∩.#.#
###.#..####.###..O....#..#.$.#.#
#.#...........@..##.#..##$##.#
#.......#.###g#####.#...###..##
###.##.##.# #.# ...............
#∩......# #.# .##...#.#...###
####.#### #.# #...#...#.# #...#
#.. ..........## #...# ###
.###.#####.# #...# #. ..# #...#
####


You could see an ogre and a goblin.

Vanquished Creatures
  A black bear (D:4)
  A water moccasin skeleton (D:4)
  Natasha (thrice) (D:3)
  Robin (D:4)
  6 adders
  A worm (D:3)
  An orc (D:3)
  5 endoplasms
  2 giant cockroaches (D:2)
  11 goblins
  15 hobgoblins
  10 jackals
  5 kobolds
  2 quokkas (D:3)
  6 ball pythons
  3 bats (D:1)
  9 frilled lizards
  4 rats
86 creatures vanquished.

Vanquished Creatures (collateral kills)
  A foxfire (D:1)
1 creature vanquished.

Vanquished Creatures (others)
  286 foxfires
  A plant (D:1)
287 creatures vanquished.

Grand Total: 374 creatures vanquished

Notes
Turn   | Place    | Note
-------+----------+-------------------------------------------
     0 | D:1      | McIrco the Djinni Fire Elementalist began the quest for the
                  | Orb.
     0 | D:1      | Reached XP level 1. HP: 15/15 MP: 0/0
   117 | D:1      | Reached skill level 1 in Fighting
   133 | D:1      | Reached XP level 2. HP: 18/22 MP: 0/0
   178 | D:1      | HP: 1/23 [jackal (1)]
   180 | D:1      | Reached skill level 2 in Fighting
   888 | D:1      | Reached XP level 3. HP: 29/29 MP: 0/0
   888 | D:1      | Learned a level 1 spell: Sandblast
  1698 | D:2      | Reached skill level 3 in Fighting
  2311 | D:2      | Reached XP level 4. HP: 30/35 MP: 0/0
  3250 | D:3      | Reached skill level 4 in Fighting
  3285 | D:3      | Found a transporter.
  3288 | D:3      | Noticed Phong's ghost (amateur OpTm)
  3704 | D:3      | Noticed Natasha
  3712 | D:3      | Killed Natasha
  3713 | D:3      | Reached XP level 5. HP: 26/42 MP: 0/0
  3713 | D:3      | Learned a level 2 spell: Blink
  3827 | D:3      | Found a transporter.
  3880 | D:3      | Noticed Natasha
  3889 | D:3      | Killed Natasha
  3890 | D:3      | Reached skill level 5 in Fighting
  4127 | D:3      | Noticed Natasha
  4134 | D:3      | Killed Natasha
  4873 | D:4      | Found Kerorona's General Store.
  4957 | D:4      | Noticed an ogre
  5041 | D:4      | Found a snail-covered altar of Cheibriados.
  5525 | D:4      | Noticed a black bear
  5530 | D:4      | Killed a black bear
  5531 | D:4      | Reached XP level 6. HP: 23/49 MP: 0/0
  5695 | D:4      | Noticed Robin
  5702 | D:4      | Killed Robin
  6107 | D:4      | Mangled by an ogre

Illustrated notes

Levels and vault maps discovered:
D:1:      dpeg_arrival_long_road, layout_rooms, serial_forest,
          infiniplex_forest_lined_room_3, infiniplex_forest_fountain,
          infiniplex_forest_clump_long, infiniplex_forest_end_2,
          infiniplex_forest_join, infiniplex_forest_join,
          infiniplex_forest_corner_2, infiniplex_forest_end_2,
          infiniplex_forest_clump_tiny, infiniplex_forest_clump_diagonal
D:2:      layout_loops_ring
D:3:      layout_basic, gammafunk_ghost_arena, uniq_natasha
D:4:      cheibrodos_quashed, layout_loops_cross, cheibriados_altar_1,
          minmay_temple_entry_nine_rooms, serial_shops, shop, led_sif_book,
          uniq_purgy, uniq_edmund, uniq_robin

Skill      XL: |  1  2  3  4  5  6 |
---------------+-------------------+-----
Fighting       | 1 2 3 4 5 |  5.0
Spellcasting   | 3 4 |  4.3
Dodging        | |  2.1
Stealth        | |  1.5

Action                   |  1- 3 |  4- 6 || total
-------------------------+-------+-------++-------
Melee: Unarmed           |    41 |       ||    41
       Dagger            |       |     7 ||     7
 Cast: Foxfire           |    60 |   124 ||   184
       Blink             |       |    10 ||    10
       Conjure Flame     |       |     7 ||     7
       Sandblast         |       |     1 ||     1
       Inner Flame       |       |     1 ||     1
  Use: Scroll            |       |     1 ||     1
Armor: Robe              |     7 |     2 ||     9
       Leather armour    |       |     4 ||     4
Dodge: Dodged            |    36 |    30 ||    66

Table legend: (Time is in decaauts)
 A = Elapsed time spent in this place.
 B = Non-inter-level travel time spent in this place.
 C = Inter-level travel time spent in this place.
 D = Time resting spent in this place.
 E = Time spent auto-exploring this place.
 F = Levels seen in this place.
 G = Mean time per level.
                   A        B        C        D        E       F      G
               +--------+--------+--------+--------+--------+-----+--------+
         Total |   6110 |   5886 |    224 |   1884 |   2957 |   4 | 1527.5 |
       Dungeon |   6110 |   5886 |    224 |   1884 |   2957 |   4 | 1527.5 |
               +--------+--------+--------+--------+--------+-----+--------+

Top non-repeatable levels by time:
     D:2: 2068 daAuts
     D:1: 1696 daAuts
     D:3: 1528 daAuts
     D:4: 817 daAuts
